 Dungeon Crawl Stone Soup version 0.29-a0-8-g0446c0dae4 (webtiles) character file.

Game seed: 11200335455845584191

39856 robertstho the Brawler (level 13, -1/137 HPs)
             Began as a Troll Berserker on Jan 27, 2022.
             Was a High Priest of Trog.
             Slain by a four-headed hydra (7 damage)
             ... on level 4 of the Lair of Beasts.
             The game lasted 00:28:05 (14688 turns).

robertstho the Brawler (Troll Berserker)           Turns: 14688, Time: 00:28:05

Health: -1/137     AC: 17    Str: 30    XL:     13   Next: 71%
Magic:  0/12       EV: 10    Int:  5    God:    Trog [*****.]
Gold:   875        SH:  0    Dex:  9    Spells: 12/12 levels left

rFire   . . .      SeeInvis .   y - +7 mace of Variability {chain chaos}
rCold   + . .      Faith    .   (shield currently unavailable)
rNeg    . . .      Spirit   +   r - quicksilver dragon scales
rPois   +          Reflect  .   (helmet restricted)
rElec   .          Harm     .   d - +2 cloak
rCorr   .          Rampage  .   (gloves unavailable)
Will    +....                   (boots unavailable)
Stlth   +.........              G - amulet of guardian spirit
HPRegen 1.12/turn               u - ring of poison resistance
MPRegen 0.13/turn               D - ring of protection from cold

@: on berserk cooldown, slowed, very slow
A: large, unfitting armour, claws 3, regeneration 1, shaggy fur 1, tough skin 1
a: Renounce Religion, Berserk, Trog's Hand, Brothers in Arms


You were on level 4 of the Lair of Beasts.
You worshipped Trog.
Trog was extremely pleased with you.
You visited 2 branches of the dungeon, and saw 16 of its levels.
You also visited: Ossuary, Bailey and Ice Cave.

You collected 1075 gold pieces.
You spent 200 gold pieces at shops.

Inventory:

Hand Weapons
 t - the +9 sword of Zonguldrok {reap}
   (You found it on level 6 of the Dungeon)

   Any living foe damaged by it may be reanimated upon death as a zombie
   friendly to the wielder, with an increasing chance as more damage is dealt.
 y - the +7 mace of Variability (weapon) {chain chaos}
   (You found it on level 8 of the Dungeon)

   Each time it hits an enemy it has a different, random effect.
   It occasionally unleashes arcs of chaos on nearby creatures upon striking a
   foe.
Missiles
 A - 3 throwing nets
 C - 14 large rocks (quivered)
Armour
 d - a +2 cloak (worn)
 i - a +2 robe of cold resistance
 r - quicksilver dragon scales (worn)
Jewellery
 u - a ring of poison resistance (left claw)
 D - a ring of protection from cold (right claw)
 G - an amulet of guardian spirit (around neck)
 J - a ring of protection from cold
Wands
 b - a wand of polymorph (7)
 F - a wand of charming (3)
Scrolls
 f - 2 scrolls of fear
 h - 4 scrolls of enchant weapon {unknown}
 m - a scroll of enchant armour
 n - 5 scrolls of fog
 q - 4 scrolls of magic mapping {unknown}
 s - 5 scrolls of teleportation
 w - a scroll of brand weapon
 x - 3 scrolls of vulnerability
 z - 5 scrolls of blinking {unknown}
 E - a scroll of immolation {unknown}
 K - a scroll of silence
 L - 2 scrolls of identify
 M - a scroll of holy word {unknown}
Potions
 a - 4 potions of curing
 c - a potion of flight {unknown}
 e - a potion of resistance
 g - 4 potions of mutation
 j - 6 potions of haste
 k - 7 potions of degeneration {unknown}
 l - 7 potions of might {unknown}
 o - 3 potions of heal wounds {unknown}
 p - 2 potions of magic {unknown}
 v - 3 potions of lignification {unknown}
 H - a potion of attraction {unknown}
 I - 2 potions of cancellation {unknown}
 N - a potion of invisibility {unknown}
Miscellaneous
 B - a lightning rod (4/4)


   Skills:
 * Level 11.2 Fighting
 + Level 2.3 Maces & Flails
 + Level 0.4 Throwing
 * Level 8.6 Armour
 + Level 6.8 Dodging
 + Level 2.7 Stealth
 + Level 15.1 Unarmed Combat


You had 12 spell levels left.
You didn't know any spells.
Your spell library was empty.

Dungeon Overview and Level Annotations

Branches:
Dungeon (12/15)            Temple (0/1) D:7            Lair (4/6) D:10
 Shoals (0/4) Lair:4       Spider (0/4) Lair:4      Ossuary (visited)
 Bailey (visited)           IceCv (visited)
    Orc: D:9-12

Altars:
Hepliaklqana
Xom

Shops:
D:3 [

Annotations:
D:12 Fannar
Lair:2 2 runed translucent doors, Melian's ghost, journeyman MiBe


Innate Abilities, Weirdness & Mutations

You are too large for most types of armour.
You have claws for hands.
Your natural rate of healing is unusually fast.
You are covered in fur. (AC +1)
You have tough skin. (AC +1)


Message History

The four-headed hydra bites you but does no damage. x2
The four-headed hydra barely misses you.
The four-headed hydra bites you!!
The four-headed hydra closely misses you.
The four-headed hydra bites you! x2
The four-headed hydra bites you but does no damage.
You bludgeon the four-headed hydra!!
The four-headed hydra is poisoned.
The four-headed hydra is heavily wounded.
The four-headed hydra bites you. The four-headed hydra bites you!
The four-headed hydra bites you but does no damage.
The four-headed hydra bites you!
You bludgeon the four-headed hydra!!
The four-headed hydra is severely wounded.
The four-headed hydra bites you but does no damage.
The four-headed hydra bites you! x2; The four-headed hydra bites you!!
The yak is caught in a web!
The four-headed hydra bites you!! The four-headed hydra bites you!
The four-headed hydra bites you but does no damage. x2
You bludgeon the four-headed hydra!!
The four-headed hydra is almost dead.
You are no longer berserk.
You are exhausted.
You feel yourself slow down. The four-headed hydra bites you!
* * * LOW HITPOINT WARNING * * *
The four-headed hydra barely misses you.
The four-headed hydra bites you!!
* * * LOW HITPOINT WARNING * * *
The four-headed hydra bites you!
* * * LOW HITPOINT WARNING * * *
The yak pulls away from the web.
Unknown command.
Okay, then.
Okay, then.
As you read the scroll labelled TESUIT OJURAO, it crumbles to dust.
It is a scroll of brand weapon.
You aren't carrying any weapons that can be branded.
The four-headed hydra closely misses you.
The four-headed hydra bites you but does no damage.
The four-headed hydra bites you!
You die...

#.... ..... ..$. ..
..... ##... . ... ....#
..#^# ^ #... ....# .^..
#.^.. ....## #..^#.#..
#....# #.#^.#.# .#..##
###.^#.>## #. #...P#
#.#...@^^#..# .....#
#..#^.#DY^.# ....P##
#.#....#..... .....P###
#^#.#..^.^..
.....##.######.^#.^....#
#....#...#.##....##.....
.....P....##.....P#.....
.......................
##..##.................


You could see a four-headed hydra (berserk, very poisoned) and a yak.

Vanquished Creatures
  An orc warlord (Bailey)
  Harold (D:9)
  4 hydras
  3 two-headed ogres
  Pikel (D:4)
  2 ugly things
  4 cyclopes
  2 manticores
  A black mamba (Lair:2)
  3 ice statues (IceCv)
  9 cane toads
  2 rime drakes
  2 kobold demonologists (D:9)
  6 komodo dragons
  An entropy weaver simulacrum (IceCv)
  An unseen horror (D:11)
  An anaconda simulacrum (IceCv)
  2 freezing wraiths
  A troll (D:12)
  A polar bear (shapeshifter) (D:12)
  A tarantella (Lair:4)
  4 dream sheep (Lair:4)
  5 blink frogs (Lair:2)
  Sigmund (D:4)
  3 wraiths
  2 wyverns
  30 yaks
  A basilisk (Lair:2)
  3 steam dragons
  2 chaos spawn (D:8)
  Menkaure (Ossuary)
  A vampire mosquito (D:10)
  Duvessa (D:7)
  10 water moccasins
  Pargi (D:4)
  3 black bears
  8 orc warriors
  An ice beast (D:6)
  A necrophage (D:8)
  2 ogres (D:5)
  9 centaurs
  5 wolves (Lair:3)
  2 lemures (D:4)
  A phantom (D:4)
  10 bullfrogs
  4 kobold brigands
  5 scorpions
  2 cane toad simulacra (IceCv)
  2 water moccasin zombies
  A wyvern skeleton (D:7)
  Dowan (D:7)
  2 elephant simulacra (IceCv)
  4 killer bees (D:9)
  4 wights (D:7)
  2 howler monkeys
  6 centaur zombies
  A jelly (D:7)
  2 bullfrog zombies
  3 hounds
  5 orc priests
  A centaur skeleton (D:7)
  A gnoll shaman (D:8)
  4 iguanas
  6 orc wizards
  4 hell rats (Lair:1)
  Terence (D:3)
  A killer bee zombie (D:8)
  2 wolf simulacra (IceCv)
  3 mummies (Ossuary)
  A howler monkey zombie (D:8)
  7 adders
  8 gnolls
  A howler monkey skeleton (D:7)
  A shadow imp (D:6)
  An adder skeleton (D:5)
  6 worms
  7 dart slugs
  27 orcs
  8 ball pythons
  2 giant cockroaches (D:1)
  9 goblins
  8 hobgoblins
  A quokka (D:2)
  2 bats (D:1)
  A frilled lizard (D:2)
  4 gnoll skeletons (Ossuary)
  3 gnoll zombies (Ossuary)
  8 goblin skeletons (Ossuary)
  4 goblin zombies (Ossuary)
  4 hobgoblin skeletons (Ossuary)
  3 hobgoblin zombies (Ossuary)
  36 kobolds
  3 kobold skeletons (Ossuary)
  5 kobold zombies (Ossuary)
  4 orc skeletons (Ossuary)
  4 orc zombies (Ossuary)
  7 rats
  2 rat skeletons (Ossuary)
  6 rat zombies (Ossuary)
406 creatures vanquished.

Vanquished Creatures (collateral kills)
  A manticore (D:12)
  A troll (D:12)
  A wraith (D:12)
3 creatures vanquished.

Vanquished Creatures (others)
  An ugly thing (IceCv)
  An orc (D:9)
  17 fungi (D:10)
  20 plants
39 creatures vanquished.

Grand Total: 448 creatures vanquished

Notes
Turn   | Place    | Note
-------+----------+-------------------------------------------
     0 | D:1      | robertstho the Troll Berserker began the quest for the Orb.
     0 | D:1      | Reached XP level 1. HP: 22/22 MP: 0/0
   261 | D:1      | Reached XP level 2. HP: 25/29 MP: 1/1
   342 | D:1      | Found a faded altar of an unknown god.
  1003 | D:2      | Reached ** piety under Trog
  1245 | D:2      | Reached XP level 3. HP: 36/36 MP: 2/2
  1763 | D:3      | Noticed Terence
  1773 | D:3      | Killed Terence
  1774 | D:3      | Reached XP level 4. HP: 23/44 MP: 3/3
  2046 | D:3      | Found Zutur's Antique Armour Emporium.
  2054 | D:3      | Reached skill level 4 in Unarmed Combat
  2060 | D:3      | Reached skill level 1 in Armour
  2184 | D:3      | Found a hazy altar of Hepliaklqana.
  2810 | D:4      | Noticed Sigmund
  2821 | D:4      | Killed Sigmund
  2822 | D:4      | Reached XP level 5. HP: 53/53 MP: 4/4
  2822 | D:4      | Reached XP level 6. HP: 61/61 MP: 5/5
  2892 | D:4      | Noticed a water moccasin
  2901 | D:4      | Killed a water moccasin
  2902 | D:4      | Reached skill level 5 in Unarmed Combat
  3009 | D:4      | Noticed Pargi
  3016 | D:4      | Killed Pargi
  3017 | D:4      | Reached XP level 7. HP: 68/68 MP: 6/6
  3185 | D:4      | Noticed Pikel
  3222 | D:4      | Killed Pikel
  3223 | D:4      | Reached skill level 1 in Stealth
  3223 | D:4      | Reached skill level 6 in Unarmed Combat
  3223 | D:4      | Reached XP level 8. HP: 78/78 MP: 7/7
  3667 | D:3      | Bought a runed scarf for 200 gold pieces
  3733 | D:5      | Entered Level 5 of the Dungeon
  3755 | D:5      | Reached skill level 7 in Unarmed Combat
  4389 | D:6      | Reached skill level 8 in Unarmed Combat
  4461 | D:6      | Found the +9 sword of Zonguldrok {reap}
  4672 | D:6      | Reached XP level 9. HP: 87/87 MP: 8/8
  4692 | D:6      | Reached skill level 5 in Fighting
  4697 | D:6      | Reached skill level 9 in Unarmed Combat
  4861 | D:6      | Identified the +5 leather armour "Toam" {Dex+2}
  5127 | D:7      | Reached *** piety under Trog
  5130 | D:7      | Found a staircase to the Ecumenical Temple.
  5267 | D:7      | Reached skill level 5 in Dodging
  5462 | D:7      | Found a sand-covered staircase.
  5593 | Ossuary  | Entered an ossuary
  5755 | Ossuary  | Reached **** piety under Trog
  5884 | Ossuary  | Noticed Menkaure
  5890 | Ossuary  | Killed Menkaure
  6175 | D:7      | Noticed Dowan
  6176 | D:7      | Noticed Duvessa
  6185 | D:7      | Killed Duvessa
  6186 | D:7      | Reached skill level 10 in Unarmed Combat
  6188 | D:7      | Killed Dowan
  6601 | D:8      | Reached XP level 10. HP: 96/96 MP: 9/9
  6603 | D:8      | Reached skill level 5 in Armour
  6612 | D:8      | Found a shimmering altar of Xom.
  6668 | D:8      | Found the +7 mace of Variability {chain chaos}
  6822 | D:8      | Reached ***** piety under Trog
  7025 | D:8      | Found a flagged portal.
  7034 | Bailey   | Entered a bailey
  7039 | Bailey   | Noticed an orc warlord
  7137 | Bailey   | Found a runed translucent gate.
  7140 | Bailey   | Found a runed translucent gate.
  7142 | Bailey   | Found a runed translucent gate.
  7230 | Bailey   | Received a gift from Trog
  7326 | Bailey   | Killed an orc warlord
  7327 | Bailey   | Reached skill level 11 in Unarmed Combat
  7385 | Bailey   | Reached XP level 11. HP: 117/117 MP: 10/10
  7676 | D:9      | Noticed Harold
  7691 | D:9      | Killed Harold
  7811 | D:9      | Reached skill level 10 in Fighting
  8126 | D:9      | Noticed a two-headed ogre
  8150 | D:9      | Noticed a sixfirhy
  8172 | D:9      | Killed a two-headed ogre
  8518 | D:9      | Reached skill level 12 in Unarmed Combat
  8616 | D:10     | Entered Level 10 of the Dungeon
  8699 | D:10     | Noticed a two-headed ogre
  8703 | D:10     | Killed a two-headed ogre
  8704 | D:10     | Reached XP level 12. HP: 126/126 MP: 11/11
  8780 | D:10     | Found a staircase to the Lair.
  8861 | D:10     | Noticed a four-headed hydra
  8868 | D:10     | Killed a four-headed hydra
  8941 | D:10     | Received a gift from Trog
  9256 | D:10     | Noticed a two-headed ogre
  9271 | D:10     | Reached skill level 13 in Unarmed Combat
  9271 | D:10     | Killed a two-headed ogre
 11206 | D:12     | Noticed Fannar
 11213 | D:12     | Noticed a death knight
 11222 | D:12     | HP: 6/128 [freezing wraith[a death knight] (18)]
 11370 | Lair:1   | Entered Level 1 of the Lair of Beasts
 11383 | Lair:1   | Found a frozen archway.
 11400 | IceCv    | Entered an ice cave
 11650 | IceCv    | Reached skill level 14 in Unarmed Combat
 11650 | IceCv    | Reached XP level 13. HP: 136/136 MP: 12/12
 12903 | Lair:2   | Found a large runed translucent door.
 12931 | Lair:2   | Reached skill level 1 in Maces & Flails
 13160 | Lair:2   | Found a large runed translucent door.
 13161 | Lair:2   | Noticed Melian's ghost (journeyman MiBe)
 14298 | Lair:3   | Reached skill level 15 in Unarmed Combat
 14444 | Lair:4   | Found a staircase to the Shoals.
 14669 | Lair:4   | Found a hole to the Spider Nest.
 14687 | Lair:4   | HP: 4/137 [four-headed hydra (12)]
 14688 | Lair:4   | Slain by a four-headed hydra

Illustrated notes

Levels and vault maps discovered:
D:1:      sevenhm_arrival_forest_fort_small_6, layout_loops_cross,
          ebering_ecumenical_altar_sacrificial, minmay_misc_feat_tiny
D:2:      minmay_diamond_boxcup, layout_basic
D:3:      layout_loops_corners, lemuel_crystal_altar, serial_shops, shop,
          minmay_ruptured, uniq_terence
D:4:      nicolae_cairo_tiling_large, layout_gridville,
          minmay_tree_intersection, serial_bayou_pond_e, minmay_misc_feat_rows,
          minivault_11, uniq_pargi, uniq_sigmund, uniq_pikel
D:5:      layout_cave_pools, kennysheep_pointless_box
D:6:      layout_gridville
D:7:      layout_cave_pods, minmay_temple_entry_wispy, enter_ossuary_5,
          uniq_duvessa
D:8:      layout_cave_pods, enter_bailey_2, minmay_guarded_unrand_variability
D:9:      layout_loops_cross, kennysheep_diamond, uniq_harold
D:10:     minmay_chambers_of_sevens, layout_layer_cave,
          due_lair_maze_entry_diamond
D:11:     layout_stronghold
D:12:     layout_loops_corners, kennysheep_orc_monster_closet_entryway,
          serial_shops, nicolae_shop_competitors_out_of_business, enter_trove_3,
          uniq_fannar, uniq_nergalle
Lair:1:   layout_roguey, lightli_volcano_entry_magma_tube,
          portal_ice_cave_entry_pillars_1
Lair:2:   layout_gridlike, ebering_ghost_disaster_area, lemuel_fruit_fields,
          infiniplex_staircase_pool
Lair:3:   layout_regular_city
Lair:4:   layout_gridlike, minmay_shoals_entry_centaurs,
          spider_nest_entry_rubble

Skill      XL: |  1  2  3  4  5  6  7  8  9 10 11 12 13 |
---------------+----------------------------------------+-----
Dodging        | 3 4 5 6 |  6.8
Unarmed Combat | 4 5 6 8 10 11 12 14 15 | 15.1
Fighting       | 3 4 5 9 10 11 | 11.2
Armour         | 1 2 3 4 5 6 7 8 |  8.6
Stealth        | 1 2 |  2.7
Maces & Flails | 2 |  2.3
Throwing       | |  0.4

Action                   |  1- 3 |  4- 6 |  7- 9 | 10-12 | 13-15 || total
-------------------------+-------+-------+-------+-------+-------++-------
Melee: Unarmed           |   102 |    73 |   337 |   482 |   235 ||  1229
       Punch             |     2 |       |    16 |    16 |    24 ||    58
       Great mace        |       |       |       |     3 |    16 ||    19
Throw: Large rock        |       |       |       |       |     3 ||     3
       Throwing net      |       |       |       |       |     3 ||     3
Invok: Berserk           |       |     3 |     4 |    10 |     5 ||    22
       Trog's Hand       |       |       |       |     1 |       ||     1
       Brothers in Arms  |       |       |       |     1 |       ||     1
  Use: Scroll            |       |     5 |     6 |     5 |     3 ||    19
       Potion            |       |       |     1 |     4 |     1 ||     6
 Stab: Sleeping          |     1 |       |     4 |       |       ||     5
       Confused          |       |       |     1 |       |       ||     1
Armor: Animal skin       |    32 |    17 |       |       |       ||    49
       Robe              |       |     8 |    57 |       |    17 ||    82
       Skin              |       |       |     3 |       |       ||     3
       Quicksilver drago |       |       |    48 |   261 |   162 ||   471
Dodge: Dodged            |    38 |    28 |   140 |   222 |   147 ||   575

Table legend: (Time is in decaauts)
 A = Elapsed time spent in this place.
 B = Non-inter-level travel time spent in this place.
 C = Inter-level travel time spent in this place.
 D = Time resting spent in this place.
 E = Time spent auto-exploring this place.
 F = Levels seen in this place.
 G = Mean time per level.
                   A        B        C        D        E       F      G
               +--------+--------+--------+--------+--------+-----+--------+
         Total |  14676 |  13994 |    682 |    812 |  10403 |  19 |  772.4 |
       Dungeon |  10630 |  10020 |    610 |    474 |   7866 |  12 |  885.8 |
          Lair |   2847 |   2775 |     72 |     79 |   2197 |   4 |  711.8 |
       Ossuary |    380 |    380 |      0 |     38 |    161 |   1 |  380.0 |
        Bailey |    356 |    356 |      0 |      0 |    167 |   1 |  356.0 |
      Ice Cave |    461 |    461 |      0 |    220 |     12 |   1 |  461.0 |
               +--------+--------+--------+--------+--------+-----+--------+

Top non-repeatable levels by time:
    D:10: 1467 daAuts
     D:9: 1111 daAuts
     D:4: 1085 daAuts
  Lair:2: 1076 daAuts
     D:2: 1021 daAuts
     D:3: 966 daAuts
     D:7: 959 daAuts
    D:11: 880 daAuts
     D:8: 857 daAuts
  Lair:3: 834 daAuts
     D:6: 748 daAuts
  Lair:1: 703 daAuts
     D:1: 682 daAuts
     D:5: 594 daAuts
   IceCv: 461 daAuts
